 Dungeon Crawl Stone Soup version 0.17-a0-995-gb5fa8d7 (webtiles) character file.

1960 ololoev the Grappler (level 9, -1/67 HPs)
             Began as a Ghoul Warper on May 12, 2015.
             Was an Initiate of Ru.
             Slain by an orc warrior
             ... wielding a +0 falchion
              (16 damage)
             ... on level 6 of the Dungeon.
             The game lasted 00:20:47 (6444 turns).

ololoev the Grappler (Ghoul Warper)                 Turns: 6444, Time: 00:20:47

Health: -1/67      AC: 10    Str: 18    XL:     9   Next: 19%
Magic:  10/10      EV: 12    Int:  8    God:    Ru [......]
Gold:   341        SH:  0    Dex: 13    Spells: 1 memorised, 10 levels left

rFire  . . .     SeeInvis +       - Unarmed
rCold  + . .     Clarity  .     o - +0 chain mail
rNeg   + + +     SustAb   .     (no shield)
rPois  ∞         Gourm    .     r - +0 helmet
rElec  .         Spirit   .     m - +0 cloak
rCorr  .         Warding  .     (no gloves)
rMut   +         Stasis   .     (no boots)
MR     .....                    n - amulet of resist mutation
Stlth  ..........               z - ring of see invisible
                                A - ring of loudness (curse)

@: agile, rotting, not resistant to hostile enchantments, extremely unstealthy
A: rotting body, claws 1, carnivore 3, cold resistance 1, negative energy
resistance 3, slow healing 1, torment resistance, unbreathing
a: Renounce Religion


Innate Abilities, Weirdness & Mutations

Your body is rotting away.
You thrive on raw meat.
You are immune to poison.
You have sharp fingernails.
You are carnivorous and can eat meat at any time.
Your flesh is cold resistant.
You are immune to negative energy.
You heal slowly when monsters are visible.
You are immune to unholy pain and torment.
You can survive without breathing.

Inventory:

Hand weapons
 b - a +0 blowgun
Missiles
 v - 8 curare-tipped needles
 y - 2 needles of confusion
Armour
 m - a +0 cloak (worn)
 o - a +0 chain mail (worn)
 r - a +0 helmet (worn)
Jewellery
 n - an amulet of resist mutation (around neck)
 z - a ring of see invisible (right claw)
 A - a cursed ring of loudness (left claw)
Magical devices
 l - a wand of paralysis (9)
 D - a wand of digging (9)
Scrolls
 h - a scroll of fear {unknown}
 j - a scroll of recharging
 p - 5 scrolls of teleportation {unknown}
 q - 2 scrolls of enchant armour {unknown}
 s - 4 scrolls of remove curse {unknown}
 t - a scroll of immolation {unknown}
 B - 2 scrolls of noise {unknown}
Potions
 u - 2 potions of flight
 w - 2 potions of cancellation
Books
 k - a book of Spatial Translocations

   Spells                             Type                      Level
   a - Apportation                    Translocation                1
   b - Blink                          Translocation                2
   c - Shroud of Golubria             Charms/Translocation         2
   d - Portal Projectile              Translocation                3
   e - Teleport Other                 Translocation                3
   f - Passage of Golubria            Translocation                4
Comestibles
 e - 3 meat rations
 g - 3 beef jerkies
 x - 2 slices of pizza


   Skills:
 - Level 2.1 Fighting
 - Level 4.3 Throwing
 + Level 1.0 Armour
 - Level 1.7 Dodging
 * Level 11.0 Unarmed Combat
 - Level 1.7 Spellcasting
 - Level 2.6 Translocations
 + Level 3.1 Evocations


You had 10 spell levels left.
You knew the following spells:

 Your Spells              Type           Power        Failure   Level  Hunger
a - Apportation           Tloc           #.........   99%         1    ##.....


You were on level 6 of the Dungeon.
You worshipped Ru.
Ru was noncommittal.
You were not hungry.

You visited 2 branches of the dungeon, and saw 7 of its levels.

You collected 341 gold pieces.

##########
#####+#Z........
#....F.r<.......
#....@o.....(...
#.....s.........
#.>.......####.##
#.....##..# ..
#..... ...# .
#..... #..#
#..... #...
#..... .#.

Notes
Turn   | Place    | Note
--------------------------------------------------------------
     0 | D:1      | ololoev the Ghoul Warper began the quest for the Orb.
     0 | D:1      | Reached XP level 1. HP: 17/17 MP: 2/2
   402 | D:1      | Reached XP level 2. HP: 23/23 MP: 3/3
   443 | D:1      | Reached skill level 3 in Unarmed Combat
   797 | D:1      | Reached XP level 3. HP: 25/29 MP: 4/4
  1148 | D:2      | Reached skill level 4 in Unarmed Combat
  1366 | D:2      | Found an ancient bone altar of Kikubaaqudgha.
  1453 | D:2      | Found an iron altar of Okawaru.
  1740 | D:2      | Reached XP level 4. HP: 18/36 MP: 5/5
  2338 | D:3      | Reached skill level 5 in Unarmed Combat
  2383 | D:3      | Found an opulent altar of Gozag.
  2434 | D:3      | Reached XP level 5. HP: 27/41 MP: 6/6
  2459 | D:3      | Noticed Robin
  2756 | D:3      | Killed Robin
  2769 | D:3      | Reached skill level 6 in Unarmed Combat
  2994 | D:3      | Noticed a moth of wrath
  3002 | D:3      | Found a bloodstained altar of Trog.
  3261 | D:4      | Reached skill level 1 in Throwing
  3261 | D:4      | Reached XP level 6. HP: 19/48 MP: 7/7
  3303 | D:4      | Noticed Blork the orc
  3310 | D:4      | Killed Blork the orc
  3406 | D:4      | Reached skill level 7 in Unarmed Combat
  3430 | D:4      | Reached XP level 7. HP: 34/55 MP: 8/8
  3565 | D:4      | Found a staircase to the Ecumenical Temple.
  3571 | Temple   | Entered the Ecumenical Temple
  4159 | D:4      | Noticed a phantom
  4181 | D:4      | Killed a phantom
  4511 | D:5      | Entered Level 5 of the Dungeon
  4578 | D:4      | Reached skill level 8 in Unarmed Combat
  4701 | D:5      | Noticed Prince Ribbit
  4728 | D:5      | Killed Prince Ribbit
  4728 | D:5      | Reached XP level 8. HP: 6/61 MP: 9/9
  4871 | D:5      | Reached skill level 9 in Unarmed Combat
  5198 | D:5      | Found a sacrificial altar of Ru.
  5199 | D:5      | Found a basalt altar of Yredelemnul.
  5309 | D:6      | Found a glowing golden altar of the Shining One.
  5379 | D:6      | Found a snail-covered altar of Cheibriados.
  5389 | D:6      | Found a sparkling altar of Nemelex Xobeh.
  5392 | D:6      | Noticed JetFlynn's ghost (experienced MfIE)
  5401 | D:6      | HP: 1/61 [centaur/arrow of flame (3)]
  5425 | D:6      | Reached skill level 1 in Evocations
  5437 | D:6      | Killed JetFlynn's ghost
  5437 | D:6      | Reached skill level 10 in Unarmed Combat
  5539 | D:6      | Found a shimmering altar of Xom.
  5645 | D:6      | Noticed an angel
  5649 | D:6      | Found a glowing silver altar of Zin.
  5663 | D:6      | Reached XP level 9. HP: 49/67 MP: 10/10
  5694 | D:6      | Found a shadowy altar of Dithmenos.
  5738 | D:5      | Became a worshipper of Ru the Awakened
  6252 | D:5      | Reached skill level 1 in Armour
  6422 | D:6      | Reached skill level 11 in Unarmed Combat
  6444 | D:6      | Slain by an orc warrior

Dungeon Overview and Level Annotations

Branches:
Dungeon (6/15)             Temple (1/1) D:4

Altars:
Cheibriados
Dithmenos
Fedhas
Gozag
Kikubaaqudgha
Makhleb
Nemelex Xobeh
Okawaru
Qazlal
Ru
Sif Muna
Trog
Xom
Yredelemnul
Zin
The Shining One


Message History

You feel agile all of a sudden. The quokka misses you.
The giant cockroach closely misses you.
The quokka bites you but does no damage.
The adder zombie barely misses you.
Throwing (i - inventory):
d - 3 tomahawks of dispersal (quivered)
Press: ? - help, Shift-Dir - straight line, f - orc warrior
Aim: an orc warrior, wielding a falchion and wearing a chain mail (severely wounded, slightly transparent, bleeding)
You throw a tomahawk of dispersal.
The tomahawk of dispersal hits the orc warrior but does no damage.
The orc warrior is severely wounded.
The orc warrior is no longer bleeding.
The giant frog misses you. The giant cockroach closely misses you.
The orc warrior misses you.
The quokka bites you but does no damage.
The adder zombie completely misses you.
Throwing (i - inventory):
d - 2 tomahawks of dispersal (quivered)
Press: ? - help, Shift-Dir - straight line, f/p - orc warrior
Aim: an orc warrior, wielding a falchion and wearing a chain mail (severely wounded, slightly transparent)
You throw a tomahawk of dispersal.
The tomahawk of dispersal closely misses the orc warrior.
The giant frog hits you but does no damage.
The giant cockroach closely misses you. The quokka closely misses you.
The adder zombie bites you but does no damage.
The giant frog hits you. The orc warrior barely misses you.
Throwing (i - inventory):
d - a tomahawk of dispersal (quivered)
Press: ? - help, Shift-Dir - straight line, f/p - orc warrior
Aim: an orc warrior, wielding a falchion and wearing a chain mail (severely wounded, slightly transparent)
You throw a tomahawk of dispersal.
The tomahawk of dispersal closely misses the orc warrior.
The giant cockroach misses you. The giant frog closely misses you.
The quokka misses you.
The adder zombie bites you but does no damage.
Drink which item? (? for menu, Esc to quit)
You feel better. The giant frog completely misses you.
The orc warrior hits you with a falchion.
The giant cockroach bites you but does no damage.
The quokka completely misses you.
The adder zombie bites you but does no damage.
The giant frog closely misses you.
The orc warrior hits you with a falchion!
You die...

You could see an orc warrior (invisible), a giant frog, an adder zombie, a quokka and a giant cockroach.

Vanquished Creatures
  The ghost of JetFlynn the Frost Mage, an experienced MfIE of Fedhas (D:6)
  Prince Ribbit (D:5)
  2 ogres (D:6)
  A phantom (D:4)
  2 centaurs
  Blork the orc (D:4)
  2 scorpions (D:4)
  A jelly (D:6)
  A hound (D:4)
  A gnoll shaman (D:5)
  3 orc priests
  5 orc wizards
  A centaur skeleton (D:5)
  A giant frog skeleton (D:4)
  An iguana (D:4)
  8 worker ants
  A hound skeleton (D:5)
  Robin (D:3)
  8 adders
  6 gnolls
  3 oozes (D:4)
  3 worms
  2 giant geckos
  12 orcs
  5 giant cockroaches
  9 hobgoblins
  14 jackals
  A quokka (D:6)
  2 ball pythons
  7 bats
  5 giant newts
  23 goblins
  19 kobolds
  12 rats
165 creatures vanquished.

Vanquished Creatures (others)
  2 orc priests (D:6)
  3 orcs (D:6)
5 creatures vanquished.

Grand Total: 170 creatures vanquished

Action                   |  1- 3 |  4- 6 |  7- 9 || total
-------------------------+-------+-------+-------++-------
Melee: Unarmed           |   157 |   226 |   240 ||   623
 Fire: Blowgun           |       |     4 |     2 ||     6
Throw: Tomahawk          |       |       |     5 ||     5
  Use: Scroll            |     5 |     5 |     2 ||    12
       Potion            |       |       |    10 ||    10
  Eat: Chunk             |    16 |    28 |    38 ||    82

Vault maps used:
D:1:      evilmike_arrival_plus, st_stairs_9, corexii_corridor_pit
D:2:      kiku_gazebo_pond_becter, first_bread, okawaru_gym_becter
D:3:      tgw_trog, lemuel_crystal_altar, uniq_robin
D:4:      minmay_temple_entry_enclosed_plants, hangedman_decor_opposing,
          grunt_ministairs_6, uniq_blork_the_orc
D:5:      nicolae_overflow_hidden_temple, uniq_prince_ribbit1
D:6:      grunt_temple_overflow_order_and_chaos_1, nicolae_tso_carved_into_rock,
          nicolae_overflow_crystal_walls, old_standard_altar, serial_shops,
          shop, basic_altar, nicolae_dithmenos_shadow_blocks,
          uniq_crazy_yiuf_cottage
Temple:   circular_temple_6
